Map: [ESL] Hardwire

Players

ShoWTimE - Winner!

  • Race: Protoss Protoss

SpeCial

  • Race: Terran Terran

Event: IEM Katowice 2022

VOD

Have the link to the VOD?

Description

Time

  • Played on: Feb. 24, 2022, 12:19 p.m.
  • Length: 10:11

All games in this series

Show
View Real Time Build Order
Export as new Build Order

ShoWTimE Protoss - Winner!

Build Orders: 1 Gate Expand, Oracle Opening, Colossus Rush 

Get SALT Encoding   

  12  0:00  Probe  
  13  0:12  Probe  
  14  0:16  Pylon  
  14  0:24  Probe (Chrono Boost)  
  15  0:35  Gateway  
  15  0:36  Probe (Chrono Boost)  
  16  0:44  Probe (Chrono Boost)  
  16  0:45  Assimilator  
  17  0:51  Probe  
  18  1:03  Probe  
  19  1:15  Probe  
  20  1:23  Cybernetics Core  
  20  1:33  Nexus  
  20  1:36  Probe  
  21  1:42  Pylon  
  21  1:48  Probe  
  21  1:50  Assimilator  
  22  1:57  Adept (Chrono Boost)  
  22  2:00  Probe  
  25  2:12  Probe  
  26  2:19  Stargate  
  26  2:21  Adept (Chrono Boost)  
  26  2:25  Probe  
  29  2:32  Warp Gate  
  29  2:37  Probe  
  30  2:44  Adept  
  30  2:48  Probe (Chrono Boost)  
  34  2:54  Probe (Chrono Boost)  
  35  2:59  Probe (Chrono Boost)  
  35  3:00  Pylon  
  35  3:02  Oracle (Chrono Boost)  
  35  3:03  Probe (Chrono Boost)  
  35  3:05  Probe (Chrono Boost)  
  40  3:14  Probe, Adept  
  40  3:16  Probe  
  44  3:24  Gateway  
  44  3:26  Probe  
  45  3:28  Probe  
  45  3:33  Robotics Facility  
  46  3:37  Assimilator  
  46  3:38  Probe  
  47  3:41  Assimilator  
  47  3:44  Probe  
  48  3:51  Probe  
  48  3:52  Pylon  
  49  3:56  Probe  
  48  4:03  Probe  
  48  4:08  Probe  
  50  4:14  Phoenix  
  50  4:15  Probe  
  53  4:18  Pylon  
  53  4:22  Robotics Bay  
  52  4:24  Probe  
  52  4:28  Observer (Chrono Boost)  
  52  4:29  Probe  
  52  4:31  Pylon  
  54  4:36  Probe  
  55  4:40  Immortal (Chrono Boost)  
  55  4:41  Probe  
  60  4:46  Nexus  
  60  4:48  Probe  
  61  4:53  Probe  
  61  4:54  Phoenix  
  64  5:02  Adept x2  
  64  5:04  Probe  
  64  5:05  Probe  
  70  5:09  Pylon  
  70  5:16  Probe  
  70  5:17  Probe  
  70  5:20  Pylon  
  72  5:23  Colossus (Chrono Boost)  
  72  5:28  Probe  
  79  5:29  Probe  
  79  5:31  Pylon  
  80  5:40  Probe  
  80  5:42  Probe  
  86  5:45  Pylon  
  82  5:52  Probe (Chrono Boost)  
  82  5:54  Probe (Chrono Boost)  
  82  5:55  Sentry, Twilight Council  
  82  5:56  Forge  
  86  5:59  Probe (Chrono Boost)  
  88  6:04  Probe (Chrono Boost)  
  88  6:06  Probe (Chrono Boost)  
  88  6:09  Probe (Chrono Boost)  
  88  6:10  Colossus (Chrono Boost), Probe (Chrono Boost)  
  97  6:11  Probe (Chrono Boost)  
  97  6:14  Probe (Chrono Boost)  
  97  6:16  Sentry, Assimilator  
  97  6:18  Extended Thermal Lance (Chrono Boost)  
  100  6:20  Assimilator  
  100  6:21  Probe x2  
  102  6:28  Gateway, Charge (Chrono Boost), Protoss Ground Weapons Level 1 (Chrono Boost)  
  102  6:29  Gateway  
  102  6:36  Gateway  
  102  6:44  Gateway  
  102  6:48  Gateway  
  102  6:50  Gateway  
  102  6:52  Phoenix  
  104  6:55  Pylon  
  104  6:58  Shield Battery  
  104  6:59  Colossus (Chrono Boost)  
  104  7:07  Zealot x2  
  114  7:11  Templar Archives, Pylon  
  114  7:16  Phoenix  
  114  7:19  Pylon  
  116  7:29  Pylon  
  116  7:30  Pylon  
  116  7:37  Nexus  
  116  7:40  Colossus, Pylon  
  116  7:41  Phoenix  
  124  7:44  Sentry  
  126  7:59  Pylon  
  126  8:02  High Templar x2  
  126  8:03  Zealot x5, Shield Battery  
  140  8:06  Archon, Phoenix  
  140  8:10  Zealot  
  142  8:28  Zealot x4  
  142  8:31  Phoenix  
  142  8:32  Shield Battery  
  152  8:34  Shield Battery  
  150  8:42  Colossus (Chrono Boost)  
  150  8:44  Zealot x4  
  152  8:51  High Templar  
  152  8:52  High Templar, Zealot  
  152  8:53  Zealot  
  160  8:56  Archon, Phoenix  
  162  9:06  Stalker x3  
  162  9:07  Stalker  
  170  9:12  Pylon  
  170  9:21  Phoenix  
  172  9:25  Zealot x4  
  180  9:31  Zealot x4  
  186  9:45  Zealot x4  
  184  9:54  Zealot x4  
  130  10:08  Zealot x4  
Show
View Real Time Build Order
Export as new Build Order

SpeCial Terran 

Build Orders: Reaper Expand 

Get SALT Encoding   

  12  0:00  SCV  
  13  0:12  SCV  
  14  0:17  Supply Depot  
  14  0:24  SCV  
  15  0:39  SCV  
  15  0:40  Barracks  
  16  0:42  Refinery  
  16  0:51  SCV  
  17  1:03  SCV  
  18  1:15  SCV  
  19  1:27  Reaper, Orbital Command  
  20  1:39  Command Center  
  20  1:51  Supply Depot  
  20  1:53  SCV  
  21  1:59  Barracks Tech Lab  
  21  2:05  SCV  
  22  2:15  Factory  
  22  2:17  SCV  
  22  2:19  Marauder  
  22  2:20  Refinery  
  25  2:29  SCV  
  26  2:41  Marauder  
  26  2:42  SCV  
  28  2:51  Orbital Command  
  28  2:54  SCV  
  29  3:06  SCV, Cyclone  
  33  3:15  Starport  
  33  3:17  SCV  
  33  3:18  SCV  
  35  3:22  Refinery  
  35  3:23  Barracks Reactor  
  35  3:29  SCV  
  35  3:30  SCV  
  35  3:34  Supply Depot  
  37  3:38  Widow Mine  
  39  3:41  SCV  
  39  3:42  SCV  
  41  3:54  SCV x2  
  43  3:57  Command Center  
  40  4:06  SCV x2, Marine x2  
  43  4:13  Factory Tech Lab, Raven  
  44  4:18  SCV x2  
  46  4:24  Marine x2  
  46  4:26  Supply Depot  
  46  4:30  SCV x2  
  50  4:35  Cyclone  
  53  4:42  SCV  
  54  4:47  Marine x2  
  54  4:48  SCV  
  54  4:49  Barracks  
  57  4:54  SCV  
  57  4:58  Barracks  
  58  5:00  SCV  
  58  5:03  Barracks  
  58  5:06  SCV  
  60  5:09  Siege Tank  
  60  5:12  SCV, Orbital Command  
  60  5:14  Marine  
  65  5:16  Barracks, Marine  
  65  5:18  Starport Tech Lab  
  67  5:21  SCV  
  67  5:24  SCV, Engineering Bay  
  68  5:32  Engineering Bay  
  68  5:33  SCV  
  68  5:34  Supply Depot  
  69  5:35  Orbital Command  
  69  5:36  SCV  
  69  5:37  Marine x2  
  72  5:44  Starport Reactor  
  72  5:45  SCV, Siege Tank  
  72  5:46  Marine  
  77  5:56  SCV, Marine x4  
  82  5:57  Terran Infantry Weapons Level 1  
  82  6:00  Supply Depot, Refinery  
  82  6:01  SCV x2  
  85  6:05  Barracks Tech Lab  
  85  6:06  Barracks Reactor  
  85  6:07  Stimpack, Combat Shield  
  85  6:08  SCV  
  85  6:14  Missile Turret  
  85  6:15  Supply Depot  
  85  6:17  SCV x2  
  87  6:19  Marine x2  
  87  6:20  Marauder  
  87  6:25  Marauder x2  
  95  6:28  SCV  
  95  6:29  SCV  
  95  6:31  Siege Tank  
  100  6:38  Medivac  
  102  6:40  Medivac  
  102  6:42  Marine x2  
  102  6:43  Supply Depot, Marine x2  
  102  6:46  Supply Depot  
  108  6:50  SCV  
  109  6:54  SCV x2  
  109  6:55  Marauder x2  
  109  6:58  Marauder  
  109  7:00  Concussive Shells  
  117  7:04  SCV  
  117  7:06  SCV  
  117  7:07  SCV  
  120  7:12  Medivac x2  
  124  7:22  Supply Depot, Marine x2  
  126  7:23  Marine x2  
  126  7:24  Supply Depot  
  126  7:25  Marauder  
  132  7:31  Marauder  
  132  7:32  Supply Depot x2, Marauder  
  132  7:35  Siege Tank  
  136  7:40  Refinery  
  136  7:41  Marine x4  
  140  7:49  Marauder  
  140  7:53  Viking x2, Marauder x2  
  148  7:59  Marine x3  
  148  8:03  SCV x3  
  154  8:07  Marine  
  154  8:11  Marauder  
  157  8:14  Marauder, Marine, Siege Tank  
  163  8:25  Viking x2  
  161  8:29  Missile Turret x2  
  161  8:32  SCV x3, Marauder  
  166  8:36  Marine  
  166  8:37  Marauder  
  165  8:44  Marine, Marauder  
  165  8:46  Siege Tank  
  165  8:48  Missile Turret  
  163  8:52  Marine x2  
  163  8:54  Marauder, Marine  
  163  8:55  Missile Turret  
  168  8:59  Viking  
  168  9:02  Viking  
  167  9:10  Bunker  
  167  9:12  Bunker  
  167  9:15  Marine  
  167  9:16  Marauder  
  170  9:18  Siege Tank  
  169  9:25  Marine x2  
  169  9:26  Marauder  
  169  9:29  Marine  
  169  9:30  Marine  
  172  9:41  Supply Depot  
  172  9:42  Supply Depot  
  176  9:50  Marine, Marauder  

Tags
 
Add a new tag
Caveats
  • Supply blocks, unpowered buildings, or Contaminate may cause inaccurate times.
  • Supply counts are checked every 10 seconds.